 Dungeon Crawl Stone Soup version 0.21.1-1-g345015f (webtiles) character file.

406 suicidejoker the Sneak (level 6, -1/39 HPs)
             Began as an Octopode Transmuter on Mar 28, 2018.
             Slain by an orc
             ... wielding a +0 hand axe
              (4 damage)
             ... on level 4 of the Dungeon.
             The game lasted 00:08:21 (4664 turns).

suicidejoker the Sneak (Octopode Transmuter)        Turns: 4664, Time: 00:08:21

Health: -1/39      AC:  1    Str:  9    XL:     6   Next: 87%
Magic:  19/19      EV: 14    Int: 15    God:
Gold:   207        SH:  0    Dex: 15    Spells: 4/10 levels left

rFire    . . .     SeeInvis .   u - +2 morningstar (crush)
rCold    . . .     Gourm    .   (no shield)
rNeg     . . .     Faith    .   (helmet restricted)
rPois    .         Spirit   .   (no amulet)
rElec    .         Reflect  .   p - ring of stealth
rCorr    .         Harm     .   w - ring of magical power
MR       .....                  e - ring of flight
Stlth    +++++.....             (no ring)
HPRegen  0.13/turn              (no ring)
MPRegen  0.16/turn              (no ring)
                                (no ring)
                                (no ring)

@: no status effects
A: almost no armour, stealthy swim, amphibious, 8 rings, constrict 8, camouflage
1, gelatinous body 1
a: Evoke Flight


You were on level 4 of the Dungeon.
You were not hungry.

You visited 1 branch of the dungeon, and saw 4 of its levels.

You collected 207 gold pieces.

Inventory:

Hand Weapons
 g - a +0 dagger
 q - a cursed +0 whip
 u - a +2 morningstar of crushing (weapon)
Missiles
 a - 61 arrows
 f - 8 poisoned tomahawks
 h - 31 stones (quivered)
 n - 45 bolts
 r - 20 sling bullets
 s - 21 poisoned needles
Jewellery
 e - a ring of flight (on tentacle)
 p - a ring of stealth (left tentacle)
 w - a ring of magical power (right tentacle)
Scrolls
 d - a scroll of enchant armour
 k - 2 scrolls of identify
 l - 2 scrolls of remove curse
 m - a scroll of teleportation
Potions
 i - a potion of lignification
 o - a potion of agility {unknown}
 t - a potion of degeneration
Books
 b - a book of Changes

   Spells                             Type                      Level
   a - Beastly Appendage              Transmutation                1
   b - Sticks to Snakes               Transmutation                2
   c - Spider Form                    Transmutation/Poison         3
   d - Ice Form                       Ice/Transmutation            4
   e - Blade Hands                    Transmutation                5
Comestibles
 c - 4 rations


   Skills:
 + Level 2.2 Fighting
 + Level 1.9 Short Blades
 + Level 2.2 Throwing
 + Level 3.0 Dodging
 * Level 4.4 Stealth
 + Level 3.6 Unarmed Combat
 + Level 2.8 Spellcasting
 + Level 2.8 Transmutations


You had 4 spell levels left.
You knew the following spells:

 Your Spells              Type           Power        Failure   Level  Hunger
a - Beastly Appendage     Tmut           ##....       6%          1    #......
b - Blade Hands           Tmut           ##........   87%         5    ######.


Dungeon Overview and Level Annotations

Branches:
Dungeon (4/15)
 Temple: D:4-7

Altars:
Ashenzari
Kikubaaqudgha
Nemelex Xobeh
Okawaru
Trog
The Shining One


Innate Abilities, Weirdness & Mutations

You cannot wear most types of armour.
You are very stealthy in the water. (Stealth+)
You are amphibious.
You can wear up to eight rings at the same time.
You can use your tentacles to constrict eight enemies at once.
Your skin changes colour to match your surroundings (Stealth+).
Your rubbery body absorbs attacks. (AC +1, EV +1)


Message History

You hit the orc wizard but do no damage.
The orc wizard is almost dead.
You constrict the orc wizard. The orc barely misses you.
The orc hits you with a hand axe. The orc barely misses you.
The orc wizard misses you. The orc hits you. The orc misses you.
The orc barely misses you.
You hit the orc wizard.
You kill the orc wizard!
Your Dodging skill increases to level 3!
The orc barely misses you. The orc hits you with a hand axe.
The orc barely misses you.
You hit the orc. Your grab misses the orc.
The orc is almost dead.
The orc barely misses you. The orc hits you with a hand axe.
The orc hits you with a flail!
* * * LOW HITPOINT WARNING * * *
The orc barely misses you.
It was a potion of cancellation.
You feel magically purged. The orc hits you with a hand axe.
You die...

#≈≈≈###.......##
# #≈≈≈#
##.....## #≈≈≈#
##...## #...##
##+## ##.#.#
#...# # ###.#
##.#.###.#
#....)@o.#
#.....oo##
#...=...#
#........
#.......#.
#(......#..
#.......# ##
#########


You could see 3 orcs.

Vanquished Creatures
  A phantom (D:4)
  An orc priest (D:3)
  An orc wizard (D:4)
  A worker ant (D:4)
  A howler monkey zombie (D:3)
  10 adders
  2 oozes
  4 worms
  2 dart slugs (D:2)
  4 leopard geckos
  22 orcs
  9 bats
  6 giant cockroaches
  5 goblins
  9 hobgoblins
  6 jackals
  A quokka (D:2)
  3 ball pythons
  2 frilled lizards
  6 kobolds
  A quokka skeleton (D:4)
  3 rats
100 creatures vanquished.

Notes
Turn   | Place    | Note
-------+----------+-------------------------------------------
     0 | D:1      | suicidejoker the Octopode Transmuter began the quest for the Orb.
     0 | D:1      | Reached XP level 1. HP: 13/13 MP: 3/3
   115 | D:1      | Reached XP level 2. HP: 15/18 MP: 3/5
   154 | D:1      | Reached skill level 1 in Stealth
   694 | D:1      | Reached XP level 3. HP: 13/23 MP: 6/6
  1069 | D:2      | Found a sparkling altar of Nemelex Xobeh.
  1109 | D:2      | Reached skill level 1 in Throwing
  1444 | D:2      | Reached skill level 2 in Stealth
  1444 | D:2      | Reached XP level 4. HP: 19/28 MP: 7/7
  1553 | D:2      | Found an iron altar of Okawaru.
  2029 | D:2      | Found a glowing golden altar of the Shining One.
  2333 | D:3      | Reached skill level 1 in Short Blades
  2335 | D:3      | Reached XP level 5. HP: 25/33 MP: 6/8
  2339 | D:3      | Reached skill level 3 in Stealth
  3399 | D:3      | Found an ancient bone altar of Kikubaaqudgha.
  3616 | D:3      | Learned a level 5 spell: Blade Hands
  3655 | D:3      | Reached XP level 6. HP: 33/39 MP: 9/9
  3975 | D:4      | Found a bloodstained altar of Trog.
  4315 | D:4      | Noticed a phantom
  4317 | D:4      | Found a shattered altar of Ashenzari.
  4334 | D:4      | Killed a phantom
  4334 | D:4      | Reached skill level 4 in Stealth
  4664 | D:4      | Slain by an orc

Skill      XL: |  1  2  3  4  5  6 |
---------------+-------------------+-----
Stealth        | 1 2 3 4 |  4.4
Throwing       | 1 2 |  2.2
Short Blades   | 1 |  1.9
Fighting       | 2 |  2.2
Dodging        | 3 |  3.0
Unarmed Combat | |  3.6
Spellcasting   | |  2.8
Transmutations | |  2.8

Action                   |  1- 3 |  4- 6 || total
-------------------------+-------+-------++-------
Melee: Unarmed           |     9 |       ||     9
       Constrict         |    22 |    38 ||    60
       Kick              |     6 |    15 ||    21
       Dagger            |    71 |    95 ||   166
       Tentacles         |    16 |    31 ||    47
       Punch             |     2 |     3 ||     5
       Morningstar       |       |    68 ||    68
Throw: Stone             |       |     5 ||     5
 Cast: Beastly Appendage |     3 |     3 ||     6
  Use: Potion            |       |     5 ||     5
       Scroll            |       |     8 ||     8
 Stab: Sleeping          |    10 |    13 ||    23
       Distracted        |       |     1 ||     1
  Eat: Chunk             |     1 |     8 ||     9
       Ration            |       |     1 ||     1
Armor: Skin              |     7 |    13 ||    20
Dodge: Dodged            |    52 |   119 ||   171
